 Dungeon Crawl Stone Soup version 0.21-a0-1-gaf3b9a5 (webtiles) character file.

1136 Gorglomux the Grappler (level 8, -2/60 HPs)
             Began as a Barachi Transmuter on May 20, 2017.
             Was a Believer of Ru.
             Slain by an orc priest
             ... wielding a +0 trident
              (4 damage)
             ... on level 7 of the Dungeon.
             The game lasted 00:24:15 (8365 turns).

Gorglomux the Grappler (Barachi Transmuter)         Turns: 8365, Time: 00:24:16

Health: -2/60      AC:  2    Str: 13    XL:     8   Next: 36%
Magic:  13/15      EV: 22    Int: 16    God:    Ru [**....]
Gold:   282        SH:  0    Dex: 17    Spells: 2/17 levels left

rFire    . . .     SeeInvis .     - Unarmed
rCold    . . .     Gourm    .   (shield currently unavailable)
rNeg     . . .     Faith    .   (armour currently unavailable)
rPois    .         Spirit   .   (helmet currently unavailable)
rElec    .         Reflect  .   (cloak currently unavailable)
rCorr    .         Harm     .   (gloves currently unavailable)
MR       .....                  (boots currently unavailable)
Stlth    ++........             (no amulet)
Regen    0.2/turn               E - ring of poison resistance {rPois, !d}
MPRegen  0.2/turn               (no ring)

@: spider-form (expiring), very slightly contaminated, invisible
A: +LOS, swims, inexperienced 1
a: End Transformation, Renounce Religion


You were on level 7 of the Dungeon.
You worshipped Ru.
Ru was pleased with you.
You were not hungry.
You were a venomous arachnid creature.
You visited 2 branches of the dungeon, and saw 8 of its levels.

You collected 282 gold pieces.

Inventory:

Missiles
 a - 212 arrows
Armour
 b - a +0 robe
 l - a +0 helmet (melded)
   (You found it on level 1 of the Dungeon)
 A - a +2 pair of boots (melded)
   (You found it on level 5 of the Dungeon)
 C - the +1 robe of Bygeur Qiqi (melded) {Dex+4 Slay+5}
   (You found it on level 5 of the Dungeon)

   It affects your dexterity (+4).
   It affects your accuracy and damage with ranged weapons and melee attacks
   (+5).
Magical Staves
 x - an uncursed staff of wizardry {unknown}
   (You found it on level 4 of the Dungeon)
Jewellery
 n - a +5 amulet of reflection
   (You found it on level 1 of the Dungeon)
 E - a ring of poison resistance (left front leg) {rPois, !d}
   (You found it on level 5 of the Dungeon)
Wands
 p - a wand of lightning (9/15)
   (You found it on level 2 of the Dungeon)
 w - a wand of acid (9/15)
   (You found it on level 6 of the Dungeon)
 D - a wand of paralysis (13/24)
   (You found it on level 5 of the Dungeon)
 F - a wand of random effects (21/48)
   (You found it on level 7 of the Dungeon)
 I - a wand of iceblast (9/15)
   (You found it on level 7 of the Dungeon)
Scrolls
 e - 5 scrolls of remove curse
 h - 2 scrolls of fear {unknown}
 j - 2 scrolls of recharging {unknown}
 o - a scroll of identify
 r - 3 scrolls of blinking {unknown}
 u - a scroll of teleportation {unknown}
 v - 3 scrolls of enchant armour {unknown}
 G - a scroll of noise {unknown}
 H - a scroll of immolation {unknown}
Potions
 g - a potion of curing {unknown}
 m - 3 potions of brilliance
 q - a potion of haste {unknown}
 s - a potion of flight {unknown}
 t - 2 potions of heal wounds
 z - a potion of invisibility
 B - 4 potions of agility
Books
 c - a book of Changes
 y - a book of Maledictions
   (You found it on level 4 of the Dungeon)
Comestibles
 d - 9 bread rations {@e1}
 f - 7 fruits
 i - 6 meat rations {@e2}
 k - a royal jelly
 J - a chunk of flesh {@w0}


   Skills:
 + Level 4.1 Fighting
 + Level 4.2 Dodging
 * Level 10.8 Unarmed Combat
 - Level 5.0 Spellcasting
 + Level 7.1 Transmutations


You had 2 spell levels left.
You knew the following spells:

 Your Spells              Type           Power        Failure   Level  Hunger
a - Beastly Appendage     Tmut           ####..       4%          1    None
b - Ice Form              Ice/Tmut       ###.....     56%         4    ####...
c - Spider Form           Tmut/Pois      ###.......   26%         3    ###....
s - Sticks to Snakes      Tmut           ####....     6%          2    #......
x - Blade Hands           Tmut           ####......   43%         5    ######.


Dungeon Overview and Level Annotations

Branches:
Dungeon (7/15)             Temple (1/1) D:4

Altars:
Ashenzari
Cheibriados
Dithmenos
Elyvilon
Fedhas
Gozag
Hepliaklqana
Kikubaaqudgha
Makhleb
Nemelex Xobeh
Okawaru
Qazlal
Ru
Sif Muna
Trog
Uskayaw
Vehumet
Wu Jian
Xom
Yredelemnul
Zin
The Shining One

Shops:
D:7 %


Innate Abilities, Weirdness & Mutations

Shadows flee at your approach. (+LOS)
You can swim through water.
((You cover ground slowly.))
You are somewhat inexperienced. (-2 XL)
((You can hop short distances.))


Message History

Unknown command.
Your hands revert to their normal proportions.
t - 2 potions of heal wounds (gained 1)
An orc comes into view.
The orc shouts!
Unknown command.
Unknown command.
An orc is nearby!
A bullfrog comes into view.
The bullfrog gives a loud, deep croak!
The orc barely misses you.
You hit the orc. You punch the orc.
You kill the orc!
Unknown command.
An orc priest comes into view. It is wielding a trident.
The orc priest shouts!
The orc priest mumbles some strange prayers to Beogh against you.
Beogh smites you!
You hear a shout!
The bullfrog hits you. The bullfrog misses you.
You punch the bullfrog!
The bullfrog is stunned by your will and fails to attack.
An orc priest comes into view. It is wielding a trident.
You turn into a venomous arachnid creature.
Your +0 helmet melds into your body.
Your +2 pair of boots melds into your body.
The +1 robe of Bygeur Qiqi {Dex+4 Slay+5} melds into your body.
The bullfrog completely misses you. x2
An orc wizard comes into view. It is wielding a dagger.
Unknown command.
You closely miss the bullfrog. The bullfrog barely misses you.
The orc priest hits you from afar with a trident!
You are too injured to fight recklessly!
The orc wizard shouts!
You hit the bullfrog.
The bullfrog is poisoned.
The bullfrog misses you.
You maul the bullfrog!!
You kill the bullfrog!
Your life force feels restored.
Your Fighting skill increases to level 4!
The orc priest completely misses you.
The orc wizard gestures at you while chanting.
You are confused.
The orc priest closely misses you.
The orc priest invokes the aid of Beogh against you.
Pain shoots through your body!
You focus your will and illuminate the orc priest in retribution!
The orc wizard casts a spell at you. You resist with some effort.
An orc comes into view.
The orc shouts!
You're too confused to move!
The orc priest mumbles some strange prayers to Beogh against you.
Pain shoots through your body!
The orc priest invokes the aid of Beogh against you.
Beogh smites you!
* * * LOW HITPOINT WARNING * * *
The orc wizard casts a spell at you.
You are more confused.
Unknown command.
The orc priest misses you.
The orc priest stops glowing.
Unknown command.
You fade into invisibility!
The orc priest closely misses you.
The orc wizard is stunned by your will and fails to attack.
You are very lightly contaminated with residual magic.
You closely miss the orc wizard. The orc wizard completely misses you.
You bite the orc wizard!
The orc wizard looks as sick as possible!
You closely miss the orc wizard.
You bump into the rock wall.
The orc priest misses you. The orc wizard completely misses you.
You bump into the rock wall.
The orc priest completely misses you. The orc wizard closely misses you.
You bite the orc priest!
The orc priest looks as sick as possible!
Your transformation is almost over.
You feel less confused.
The orc wizard gestures at you while chanting.
You resist with some effort. The orc priest completely misses you.
You bite the orc priest!
You kill the orc priest!
The orc wizard barely misses you.
You closely miss the orc wizard.
You kill the orc wizard!
The orc closely misses you.
You hit the orc. The orc barely misses you.
You bite the orc!
You kill the orc!
The orc priest mumbles some strange prayers to Beogh against something.
Pain shoots through your body!
* * * LOW HITPOINT WARNING * * *
The orc priest hits you with a trident.
* * * LOW HITPOINT WARNING * * *
You focus your will and blind the orc priest in retribution!
Things that are here:
a leather armour; a trident; an orc corpse You bite the orc priest!
The orc priest is poisoned.
The orc priest hits you with a trident.
You die...

########..#.#.#....
..........)........
########..#.#.#####
.#######..#.#.#######
.....................
...#####..#.#####.#o#
...# #........#[#.#
.# ...#
##.#.###.#.#.#...#
...# #.#.#
#)s.......# #.#.#
###o#.....#
....#.....#.....#
#.###.#.........# #.#
#...##.....# ...
..... ...### ...
...... .... #.#.###
#.... .... ...##


You could see an orc priest (blind).

Vanquished Creatures
  Pikel (D:4)
  Duvessa (D:4)
  A sky beast (D:6)
  A slave (D:4)
  5 centaurs
  3 bullfrogs
  Dowan (D:4)
  8 wights
  2 howler monkeys
  2 quasits
  4 hounds
  A bullfrog skeleton (D:4)
  A jelly (D:7)
  3 orc priests
  4 orc wizards
  Jessica (D:3)
  2 iguanas
  4 worker ants
  Robin (D:4)
  16 gnolls
  15 adders
  3 oozes
  An adder zombie (D:7)
  3 worms
  2 dart slugs (D:1)
  6 leopard geckos
  12 orcs
  7 bats
  5 giant cockroaches
  18 goblins
  16 hobgoblins
  19 jackals
  4 quokkas
  2 ball pythons (D:4)
  7 frilled lizards
  12 kobolds
  A leopard gecko skeleton (D:6)
  15 rats
210 creatures vanquished.

Vanquished Creatures (collateral kills)
  The ghost of Gorglomux the Ruffian, an amateur BaTm of Cheibriados (D:3)
  2 orcs (D:3)
  A goblin (D:4)
4 creatures vanquished.

Vanquished Creatures (others)
  A slave (D:4)
  The ghost of Turgon the Magician, a weakling DgWz (D:4)
  An adder (D:4)
  An adder skeleton (D:4)
  A leopard gecko (D:4)
  2 goblins (D:4)
  2 frilled lizards (D:4)
  A rat (D:4)
10 creatures vanquished.

Grand Total: 224 creatures vanquished

Notes
Turn   | Place    | Note
-------+----------+-------------------------------------------
     0 | D:1      | Gorglomux the Barachi Transmuter began the quest for the Orb.
     0 | D:1      | Reached XP level 1. HP: 15/15 MP: 3/3
     0 | D:1      | Gorglomux: tm is the best background
     0 | D:1      | Gorglomux: practiciing on winning it in every race for tourney
    24 | D:1      | KurzedMetal: I played my first Ba a few days ago, and I killed like 15 early before getting one rolling and win
   206 | D:1      | Gorglomux: i still have the only non experimental baee win :p
   206 | D:1      | Gorglomux: its a worthless achievement but that matters for me :p
   214 | D:1      | Reached XP level 2. HP: 15/21 MP: 3/5
   241 | D:1      | Learned a level 2 spell: Sticks to Snakes
   398 | D:1      | Reached skill level 4 in Unarmed Combat
   437 | D:1      | KurzedMetal: why worthless?
   440 | D:1      | KurzedMetal: a win it's a win
   455 | D:1      | Gorglomux: !lg * baee win !experimental
   455 | D:1      | beem: 1. Gorglomux the Pyromancer (L27 BaEE of Cheibriados), escaped with the Orb and 4 runes on 2017-03-31 18:08:01, with 2301860 points after 79656 turns and 5:43:20.
   457 | D:1      | Gorglomux: aha !
   514 | D:1      | KurzedMetal: "only non experimental" I thought you said it wasn't :P
   514 | D:1      | KurzedMetal: still a win :P
   514 | D:1      | Gorglomux: yeah
   514 | D:1      | KurzedMetal: was that much different Ba at that time?
   514 | D:1      | Gorglomux: nothing was this one
   514 | D:1      | Reached XP level 3. HP: 22/26 MP: 6/6
   615 | D:1      | Gorglomux: was the last unwon combo before gnoll so i said fuck it
   690 | D:1      | Learned a level 3 spell: Spider Form
  1200 | D:2      | Reached XP level 4. HP: 19/32 MP: 5/7
  1352 | D:2      | Reached skill level 5 in Unarmed Combat
  1432 | D:2      | KurzedMetal: nice, I didn't know you won all combos already
  1435 | D:2      | KurzedMetal: is there any query to check that?
  1435 | D:2      | KurzedMetal: cant remember
  1435 | D:2      | KurzedMetal: or command
  1435 | D:2      | Gorglomux: no, the last unwon for everybody
  1435 | D:2      | Gorglomux: !unwon
  1435 | D:2      | Reached skill level 3 in Transmutations
  1459 | D:2      | beem: 850 games for * (!experimental playable): 0/39x GnAE [0.00%], 0/62x GnNe [0.00%], 0/76x GnCj [0.00%], 0/123x GnEn [0.00%], 0/160x GnWz [0.00%], 0/192x GnAM [0.00%], 0/198x GnAK [0.00%]
  1704 | D:2      | Jm2c: !subscribe
  1704 | D:2      | beem: Subscribed. I will now watch all games of user Jm2c
  1704 | D:2      | Gorglomux: ill snatch the last gnoll as well :p
  1744 | D:2      | Found a faded altar of an unknown god.
  1862 | D:2      | Found a glowing golden altar of the Shining One.
  1874 | D:2      | Reached XP level 5. HP: 26/37 MP: 3/8
  2392 | D:3      | Jm2c: what was that altar before to
  2401 | D:3      | Jm2c: the one in the water
  2437 | D:3      | Gorglomux: the random one
  2452 | D:3      | Jm2c: oh
  2556 | D:3      | Reached skill level 6 in Unarmed Combat
  2702 | D:3      | KurzedMetal: any god in mind?
  2747 | D:3      | Gorglomux: chei/ru
  2772 | D:3      | Reached XP level 6. HP: 42/43 MP: 6/9
  3127 | D:2      | Reached skill level 4 in Transmutations
  3257 | D:2      | Jm2c: don't die
  3597 | D:3      | Noticed Jessica
  3597 | D:3      | Noticed Gorglomux's ghost (amateur BaTm)
  3603 | D:3      | KurzedMetal: what are you traininng?
  3604 | D:3      | Gorglomux: uc tm for blade hands
  3609 | D:3      | Killed Jessica
  3609 | D:3      | Reached skill level 3 in Spellcasting
  3614 | D:3      | KurzedMetal: lol your own ghost
  3635 | D:2      | Gorglomux: k spider to remove movment penalty
  3635 | D:2      | Gorglomux: got it
  3745 | D:2      | KurzedMetal: OP
  3778 | D:3      | KurzedMetal: as fk
  3789 | D:3      | KurzedMetal: easily
  3794 | D:3      | HP: 9/43 [Gorglomux's ghost (9)]
  3795 | D:3      | KurzedMetal: easy early*
  3799 | D:3      | Killed Gorglomux's ghost
  3799 | D:3      | Reached skill level 7 in Unarmed Combat
  3799 | D:3      | Reached XP level 7. HP: 10/48 MP: 3/12
  3945 | D:3      | Learned a level 5 spell: Blade Hands
  4145 | D:3      | Gorglomux: tm are fun
  4145 | D:3      | Gorglomux: love them
  4157 | D:4      | KurzedMetal: yeah me too
  4366 | D:4      | Noticed a moth of wrath
  4367 | D:4      | Noticed Pikel
  4420 | D:4      | Killed Pikel
  4420 | D:4      | Reached skill level 8 in Unarmed Combat
  4420 | D:4      | Reached skill level 4 in Spellcasting
  4420 | D:4      | Reached skill level 5 in Transmutations
  4420 | D:4      | Reached XP level 8. HP: 39/54 MP: 9/14
  4515 | D:4      | Found a bloodstained altar of Trog.
  4564 | D:4      | Noticed Robin
  4625 | D:4      | Jm2c: nice hop rng
  4633 | D:4      | Gorglomux: shhh
  4633 | D:4      | Gorglomux: was part of the plan
  4849 | D:4      | Killed Robin
  4928 | D:4      | HP: 12/54 [orc priest/divine providence (10)]
  4960 | D:4      | KurzedMetal: noooo
  4960 | D:4      | HP: 6/54 [iguana (12)]
  4969 | D:4      | HP: 13/54 [orc priest/nerve-wracking pain (6)]
  4974 | D:4      | Jm2c: oh dear
  5002 | D:4      | KurzedMetal: why did you take that route with no exit again D:
  5073 | D:4      | Killed Turgon's ghost
  5196 | D:4      | Gorglomux: was part of the plan
  5218 | D:4      | KurzedMetal: hehe
  5291 | D:4      | Noticed Duvessa
  5346 | D:4      | Noticed Dowan
  5352 | D:4      | Killed Duvessa
  5352 | D:4      | Reached skill level 9 in Unarmed Combat
  5353 | D:4      | Killed Dowan
  5366 | D:4      | HP: 13/54 [poisoned by Duvessa]
  5373 | D:4      | HP: 12/54 [poisoned by Duvessa]
  5381 | D:4      | HP: 12/54 [poisoned by Duvessa]
  5643 | D:4      | Found a staircase to the Ecumenical Temple.
  5655 | Temple   | Entered the Ecumenical Temple
  5905 | Temple   | Gorglomux: ru won the roulette
  5905 | Temple   | Became a worshipper of Ru the Awakened
  5957 | D:4      | KurzedMetal: blade hands got their stat scaling removed recently
  6147 | D:4      | Found a hazy altar of Hepliaklqana.
  6149 | D:4      | Found a sparkling altar of Nemelex Xobeh.
  6219 | D:4      | KurzedMetal: I remember it was compansated somehow, but not sure how
  6219 | D:4      | Gorglomux: still op imo
  6223 | D:5      | Entered Level 5 of the Dungeon
  6226 | D:5      | KurzedMetal: yeah!
  6245 | D:5      | Reached skill level 5 in Spellcasting
  6256 | D:5      | KurzedMetal: but I can't remember if it scale harder with UC or spellpower or what
  6309 | D:5      | Reached skill level 6 in Transmutations
  6465 | D:5      | KurzedMetal: or maybe the damage was flat, I remember reading the git log but I can't remember what it was
  6465 | D:5      | Gorglomux: spellpower is only for duration
  6529 | D:5      | Got a warped robe
  6647 | D:5      | Reached XP level 9. HP: 25/61 MP: 12/16
  6648 | D:5      | HP: 13/61 [centaur/uncursed short sword (4)]
  6651 | D:5      | Reached skill level 2 in Fighting
  6651 | D:5      | Reached skill level 3 in Dodging
  6659 | D:5      | Jm2c: why can't I hold all these centaurs
  6659 | D:5      | Gorglomux: gotta go, ill be back in like 30 mins
  6659 | D:5      | KurzedMetal: are you raising evasion a bit?
  6659 | D:5      | Gorglomux: i missplayed there, didnt seen the second one
  6659 | D:5      | Gorglomux: yeah and 21 ev already with spider
  6660 | D:5      | KurzedMetal: gud
  6660 | D:5      | KurzedMetal: c ya later then
  6660 | D:5      | Gorglomux: alright see you in a bit
  6670 | D:5      | Identified the +1 robe of Bygeur Qiqi {Dex+4 Slay+5} (You found it on level 5 of the Dungeon)
  7159 | D:6      | Reached skill level 10 in Unarmed Combat
  7254 | D:6      | Reached skill level 3 in Fighting
  7278 | D:6      | Learned a level 4 spell: Ice Form
  7421 | D:6      | Found a bloodstained altar of Trog.
  7772 | D:6      | Gorglomux: ??sacrifice courgae
  7772 | D:6      | beem: sacrifice courgae ~ sacrifice courage[1/3]: Ru ability: Spellpower and slaying penalties for having more than one tough monster in view (or any nasty monster). Scaled by number of such monsters in view
  7772 | D:6      | Gorglomux: ??sacrifice courgae[2
  7772 | D:6      | beem: sacrifice courgae ~ sacrifice courage ~ horror[1/1]: A status caused by Ru's Sacrifice Courage. The status applies a variable penalty to slaying and spellpower depending on how many MTHRT_TOUGH (yellow) and MTHRT_NASTY (red) monsters are visible. The status is yellow for 1-2 penalty, light red for 3-4 and red for 5+.
  7772 | D:6      | Gorglomux: ??sacrifice courgae[3
  7772 | D:6      | beem: sacrifice courgae ~ sacrifice courage[3/3]: Monsters! Monsters everywhere! You have to get out of here!
  7772 | D:6      | Gorglomux: ??sacrifice arcana
  7772 | D:6      | beem: sacrifice arcana[1/2]: Sacrifice three spell schools - Ru picks randomly, then you may accept or decline. These schools are permanently set to 0 and you can't memorize or cast any spells that fall under them, including double/triple school spells.
  7772 | D:6      | Gorglomux: ??sacrifice arcana[2
  7772 | D:6      | beem: sacrifice arcana[2/2]: The schools picked are one 'major' (charm/conj/sum/transloc) one 'medium' (transmut/necro/hexes) and one 'minor' (air/earth/fire/ice/poison), so you can never, for example, sacrifice fire and ice simultaneously.
  7772 | D:6      | Gorglomux: ??sacrifice experience
  7772 | D:6      | beem: sacrifice experience[1/1]: Reduces current and max attainable experience level by 2. Worth ~28 piety.
  7773 | D:6      | Gained mutation: You are somewhat inexperienced. (-2 XL) [Ru sacrifice]
  7773 | D:6      | Reached XP level 8. HP: 58/58 MP: 13/15
  7773 | D:6      | Reached XP level 7. HP: 52/52 MP: 13/14
  7773 | D:6      | Reached * piety under Ru
  7773 | D:6      | Reached ** piety under Ru
  7825 | D:6      | HP: 6/52 [gnoll/enchanted spear (9)]
  8095 | D:7      | Reached skill level 4 in Dodging
  8156 | D:7      | Found Lyraz's Food Boutique.
  8307 | D:7      | Reached skill level 7 in Transmutations
  8307 | D:7      | Reached XP level 8. HP: 60/60 MP: 8/15
  8347 | D:7      | Reached skill level 4 in Fighting
  8349 | D:7      | HP: 11/60 [orc priest/divine providence (8)]
  8363 | D:7      | HP: 7/60 [orc priest/nerve-wracking pain (7)]
  8364 | D:7      | HP: 2/60 [orc priest/trident (5)]
  8365 | D:7      | Slain by an orc priest

Vault maps used:
D:1:      elethiomel_arrival_diamonds, feat_on_display
D:2:      tso_metal_star, first_bread, chequers_ecumenical_altar_island
D:3:      minmay_door_path, uniq_jessica
D:4:      tgw_trog, gammafunk_temple_overflow_wave,
          minmay_temple_entry_steel_oval, uniq_robin, uniq_pikel, uniq_duvessa
D:5:      corexii_shack_village, eino_curves_04
D:6:      trog_three_pillars_becter
D:7:      serial_shops, shop, uniq_crazy_yiuf_cottage, uniq_joseph
Temple:   eino_narrow_crystal_temple

Skill      XL: |  1  2  3  4  5  6  7  8  9 |
---------------+----------------------------+-----
Unarmed Combat | 4 5 6 7 8 9 10 | 10.8
Transmutations | 3 4 7 6 |  7.1
Spellcasting   | 3 4 5 |  5.0
Fighting       | 4 3 |  4.1
Dodging        | 4 3 |  4.2

Action                   |  1- 3 |  4- 6 |  7- 9 || total
-------------------------+-------+-------+-------++-------
Melee: Unarmed           |   145 |   169 |   279 ||   593
       Kick              |     7 |     1 |       ||     8
       Punch             |     3 |       |     2 ||     5
 Cast: Beastly Appendage |    15 |     3 |       ||    18
       Sticks to Snakes  |     1 |     7 |     2 ||    10
       Spider Form       |       |    26 |    48 ||    74
       Blade Hands       |       |       |    11 ||    11
       Ice Form          |       |       |     2 ||     2
Invok: Sacrifice Experie |       |       |     1 ||     1
 Abil: Hop               |       |     2 |     5 ||     7
       End Transformatio |       |       |     4 ||     4
  Use: Scroll            |       |     2 |     5 ||     7
       Potion            |       |       |     3 ||     3
 Stab: Distracted        |     1 |     1 |       ||     2
       Sleeping          |     1 |       |     1 ||     2
  Eat: Chunk             |     2 |    12 |    20 ||    34
       Royal jelly       |       |     1 |     2 ||     3
Armor: Robe              |    29 |     8 |     8 ||    45
       Skin              |       |     4 |    11 ||    15
Dodge: Dodged            |   105 |   115 |   239 ||   459
Block: Other             |     9 |    26 |    36 ||    71
       Reflection        |       |     2 |     4 ||     6

Vault maps used:
D:1:      elethiomel_arrival_diamonds, feat_on_display
D:2:      tso_metal_star, first_bread, chequers_ecumenical_altar_island
D:3:      minmay_door_path, uniq_jessica
D:4:      tgw_trog, gammafunk_temple_overflow_wave,
          minmay_temple_entry_steel_oval, uniq_robin, uniq_pikel, uniq_duvessa
D:5:      corexii_shack_village, eino_curves_04
D:6:      trog_three_pillars_becter
D:7:      serial_shops, shop, uniq_crazy_yiuf_cottage, uniq_joseph
Temple:   eino_narrow_crystal_temple

Table legend:
 A = Turns spent in this place as a percentage of turns spent in the entire game.
 B = Non-inter-level travel turns spent in this place as a percentage of non-inter-level travel turns spent in the entire game.
 C = Inter-level travel turns spent in this place as a percentage of turns spent in this place.
 D = Turns resting spent in this place as a percentage of non-inter-level travel turns spent in this place.
 E = Turns spent auto-exploring this place as a percentage of non-inter-level travel turns spent in this place.
 F = Non-inter-level travel turns spent in this place divided by the number of levels of this place that you've seen.
                   A       B       C       D       E      F
               +-------+-------+-------+-------+-------+----------------------
         Total | 100.0 | 100.0 |   0.5 |   4.4 |   8.7 | 390.8
       Dungeon |  99.3 |  99.4 |   0.4 |   4.4 |   8.2 | 443.7
        Temple |   0.7 |   0.6 |   4.8 |   0.0 |  80.0 |  20.0
               +-------+-------+-------+-------+-------+----------------------

Table legend:
 A = Kills in this place as a percentage of kills in entire the game.
 B = Kills by you in this place as a percentage of kills by you in the entire game.
 C = Kills by friends in this place as a percentage of kills by friends in the entire game.
 D = Other kills in this place as a percentage of other kills in the entire game.
 E = Experience gained in this place as a percentage of experience gained in the entire game.
 F = Experience gained in this place divided by the number of levels of this place that you have seen.
                   A       B       C       D       E      F
               +-------+-------+-------+-------+-------+----------------------
         Total | 100.0 | 100.0 | 100.0 |  -nan | 100.0 | 518.6
       Dungeon | 100.0 | 100.0 | 100.0 |  -nan | 100.0 | 592.7
               +-------+-------+-------+-------+-------+----------------------
